 Seeded DCSS version 0.28-a0-724-g66f9036eb4 (webtiles) character file.

Game seed: 13619943984260783318 (custom seed)

133 flotson the Sneak (level 4, -1/52 HPs)
             Began as a Demonspawn Delver on Oct 27, 2021.
             Was an Initiate of Gozag.
             Killed by divine providence
             ... invoked by an orc priest
              (9 damage)
             ... on level 3 of the Dungeon.
             The game lasted 00:04:48 (3237 turns).

flotson the Sneak (Demonspawn Delver)               Turns: 3237, Time: 00:04:49

Health: -1/52      AC:  5    Str: 13    XL:     4   Next: 94%
Magic:  4/4        EV: 11    Int: 12    God:    Gozag
Gold:   56         SH:  0    Dex: 14    Spells: 3/3 levels left

rFire   . . .      SeeInvis .   a - +0 hand axe
rCold   . . .      Faith    .   (no shield)
rNeg    . . .      Spirit   .   h - +0 ring mail
rPois   .          Reflect  .   (no helmet)
rElec   .          Harm     .   (no cloak)
rCorr   .          Rampage  .   (no gloves)
Will    .....                   (no boots)
Stlth   ..........              b - amulet of magic regeneration
HPRegen 0.17/turn               (no ring)
MPRegen 0.43/turn               (no ring)

@: confused, berserking, gold aura, hasted, very quick
A: hooves 1, magic regeneration
a: Renounce Religion, Potion Petition, Call Merchant, Bribe Branch


You were on level 3 of the Dungeon.
You worshipped Gozag.
Gozag was noncommittal.
You visited 1 branch of the dungeon, and saw 5 of its levels.

You collected 134 gold pieces.
You paid 78 gold pieces to Gozag.

Inventory:

Hand Weapons
 a - a +0 hand axe (weapon)
Missiles
 s - 2 boomerangs (quivered)
 t - 2 throwing nets
Armour
 h - a +0 ring mail (worn)
Jewellery
 b - an amulet of magic regeneration (around neck)
 n - an amulet of reflection
Wands
 g - a wand of digging (2)
Scrolls
 c - a scroll of fog
 d - 2 scrolls of magic mapping
 e - a scroll of acquirement
 i - a scroll of fear
 j - a scroll of blinking {unknown}
 k - 3 scrolls of identify {unknown}
 l - 2 scrolls of vulnerability {unknown}
 m - a scroll of enchant armour {unknown}
 r - a scroll of amnesia {unknown}
Potions
 q - a potion of might {unknown}


   Skills:
 + Level 3.5 Fighting
 + Level 2.7 Axes
 + Level 0.6 Throwing
 + Level 1.3 Armour
 + Level 2.4 Dodging
 - Level 5.1 Stealth


You had 3 spell levels left.
You didn't know any spells.
Your spell library contained the following spells:

 Spells                   Type           Power      Damage    Failure   Level
 Freeze                   Ice            0%         1d3       56%         1
 Frozen Ramparts          Ice            0%         1d2       91%         3
 Hailstorm                Conj/Ice       0%         3d3       100%        4


Dungeon Overview and Level Annotations

Branches:
Dungeon (5/15)
 Temple: D:4-7

Altars:
Ashenzari
Gozag

Annotations:
D:5 Sigmund


Innate Abilities, Weirdness & Mutations

You have large cloven feet.
You regenerate magic rapidly.


Message History

The orc priest hits you with a +0 hand axe.
The orc hits you but does no damage.
You miss the orc priest. Your kick misses the orc priest.
The orc priest is moderately wounded.
You hit the orc but do no damage. You miss the orc priest.
The orc priest barely misses you.
The orc priest hits you with a +0 hand axe.
The orc misses you.
You completely miss the orc priest. Your kick misses the orc priest.
The orc priest is lightly wounded.
You hit the orc.
You kill the orc!
You hit the orc priest but do no damage.
The orc priest calls down the wrath of Beogh upon you.
Pain shoots through your body!
* * * LOW HITPOINT WARNING * * *
The orc priest closely misses you.
You completely miss the orc priest.
The orc priest is moderately wounded.
The orc priest completely misses you.
Things that are here:
4 gold pieces; a +0 hand axe; a +0 leather armour Something hits you.
* * * LOW HITPOINT WARNING * * *
The orc priest invokes the aid of Beogh against you.
Pain shoots through your body!
* * * LOW HITPOINT WARNING * * *
It was a potion of berserk rage.
A red film seems to cover your vision as you go berserk!
You feel yourself moving faster!
You feel mighty! The orc priest barely misses you.
You hit the orc priest. You kick the orc priest!
The orc priest is almost dead.
You miss something. You closely miss the orc priest.
Something hits you but does no damage.
The orc priest hits you but does no damage.
The orc priest invokes the aid of Beogh against you.
Beogh smites you!
You die...
Your body crumbles into a pile of gold.

...#.# #. ...#.# #.###
...#.######## ...##
............. ...# #
...#.######## #$.# .#
...#.# #..## .####
####.###########...###.....
................$o.$.......
########.#####.o@...$$###.
#.....$.#####..####..#
#.#........##......#...#
#.........$..#.$.#.....#
#............#...####..#
$#...$.....#⌠.##'##.⌠# .#
#.........#.........# ..
##.###.#.##........## . #.
#.#...#.......#


You could see 2 orc priests.

Vanquished Creatures
  5 adders
  4 worms
  4 dart slugs
  An orc (D:3)
  6 ball pythons
  2 bats (D:2)
  3 endoplasms
  2 giant cockroaches (D:1)
  10 goblins
  7 hobgoblins
  7 jackals (D:1)
  8 kobolds
  3 quokkas (D:2)
  2 frilled lizards (D:1)
64 creatures vanquished.

Notes
Turn   | Place    | Note
-------+----------+-------------------------------------------
     0 | D:5      | flotson the Demonspawn Delver began the quest for the Orb.
     0 | D:5      | Reached XP level 1. HP: 18/18 MP: 1/1
    15 | D:5      | Noticed a water moccasin zombie
    32 | D:5      | Noticed Sigmund
    51 | D:4      | Found an opulent altar of Gozag.
   338 | D:1      | Gained mutation: You regenerate magic rapidly. [demonic
                  | ancestry]
   338 | D:1      | Reached XP level 2. HP: 24/24 MP: 2/2
   360 | D:1      | Found a faded altar of an unknown god.
   419 | D:1      | Identified a scroll of acquirement
   434 | D:1      | Reached skill level 5 in Stealth
   844 | D:1      | Reached XP level 3. HP: 29/29 MP: 3/3
  1571 | D:2      | Gained mutation: You have large cloven feet. [demonic
                  | ancestry]
  1571 | D:2      | Reached XP level 4. HP: 28/35 MP: 4/4
  1572 | D:2      | Reached skill level 1 in Armour
  2541 | D:2      | You fall into a shaft and drop 2 floors!
  2547 | D:4      | Became a worshipper of Gozag Ym Sagoz the Greedy
  3028 | D:3      | Found a broken altar of Ashenzari.
  3237 | D:3      | Killed from afar by an orc priest

Illustrated notes

Levels and vault maps discovered:
D:1:      dpeg_arrival_morbid_curiosity, layout_rooms,
          hellmonk_ecumenical_altar_pennies_from_heaven
D:2:      layout_basic, nrook_campfire, minmay_tetromino_s2
D:3:      layout_basic, evilmike_ruin_ashenzari,
          nicolae_ru_the_path_less_chosen, grunt_decor_mini_mirrors
D:4:      layout_basic, nicolae_overflow_hidden_temple, uniq_edmund
D:5:      cheibrodos_fertilizer, layout_rooms, uniq_sigmund, uniq_duvessa,
          uniq_eustachio, uniq_crazy_yiuf_cottage

Skill      XL: |  1  2  3  4 |
---------------+-------------+-----
Stealth        | 5 |  5.1
Axes           | 2 |  2.7
Dodging        | 2 |  2.4
Armour         | 1 |  1.3
Fighting       | |  3.5
Throwing       | |  0.6

Action                   |  1- 3 |  4- 6 || total
-------------------------+-------+-------++-------
Melee: Hand axe          |   122 |   100 ||   222
       Kick              |       |    24 ||    24
Evoke: Wand              |     1 |       ||     1
  Use: Scroll            |     1 |       ||     1
       Potion            |       |     3 ||     3
 Stab: Sleeping          |     3 |     2 ||     5
Armor: Ring mail         |    48 |    27 ||    75
       Leather armour    |     2 |       ||     2
Dodge: Dodged            |    85 |    48 ||   133

Table legend: (Time is in decaauts)
 A = Elapsed time spent in this place.
 B = Non-inter-level travel time spent in this place.
 C = Inter-level travel time spent in this place.
 D = Time resting spent in this place.
 E = Time spent auto-exploring this place.
 F = Levels seen in this place.
 G = Mean time per level.
                   A        B        C        D        E       F      G
               +--------+--------+--------+--------+--------+-----+--------+
         Total |   3279 |   3156 |    123 |    192 |   2329 |   5 |  655.8 |
       Dungeon |   3279 |   3156 |    123 |    192 |   2329 |   5 |  655.8 |
               +--------+--------+--------+--------+--------+-----+--------+

Top non-repeatable levels by time:
     D:2: 1420 daAuts
     D:1: 1034 daAuts
     D:3: 569 daAuts
     D:4: 206 daAuts
     D:5: 48 daAuts
